 Dungeon Crawl Stone Soup version 0.27.0-1-g7a089689b8 (webtiles) character file.

Game seed: 13607048853996046348

244 inmateoo the Skirmisher (level 6, 0/52 HPs)
             Began as a Formicid Summoner on Aug 6, 2021.
             Slain by Duvessa (22 damage)
             ... on level 4 of the Dungeon.
             The game lasted 00:03:51 (3958 turns).

inmateoo the Skirmisher (Formicid Summoner)         Turns: 3958, Time: 00:03:53

Health: 0/52       AC:  5    Str: 18    XL:     6   Next: 32%
Magic:  15/18      EV: 11    Int: 14    God:
Gold:   171        SH:  3    Dex: 11    Spells: 4/9 levels left

rFire    . . .     SeeInvis +   j - +0 dagger (drain)
rCold    + + .     Faith    .   b - +0 buckler
rNeg     . . .     Spirit   .   k - +1 leather armour of the Moon Troll {rElec rC++ MP+9 Str+3}
rPois    .         Reflect  .   (helmet unavailable)
rElec    +         Harm     .   (no cloak)
rCorr    .         Rampage  .   (no gloves)
Will     .....                  g - +0 pair of boots
Stlth    ++........             (no amulet)
HPRegen  0.17/turn              (no ring)
MPRegen  0.16/turn              (no ring)

@: very slightly contaminated
A: permanent stasis, dig shafts and tunnels, antennae 3, four strong arms
a: Dig, Shaft Self


You were on level 4 of the Dungeon.
You visited 1 branch of the dungeon, and saw 4 of its levels.

You collected 171 gold pieces.

Inventory:

Hand Weapons
 j - a +0 dagger of draining (weapon)
Armour
 b - a +0 buckler (worn)
 g - a +0 pair of boots (worn)
 k - the +1 leather armour of the Moon Troll (worn) {rElec rC++ MP+9 Str+3}
   (You found it on level 4 of the Dungeon)

   Str:       It affects your strength (+3).
   rC:        It greatly protects you from cold.
   rElec:     It insulates you from electricity.
   MP:        It affects your magic capacity (+9).
 m - a +1 ring mail of fire resistance
Scrolls
 h - a scroll of enchant weapon {unknown}
 n - a scroll of amnesia {unknown}
 o - a scroll of fog {unknown}
Potions
 a - a potion of resistance {unknown}
 c - a potion of berserk rage {unknown}
 d - a potion of curing {unknown}
 e - a potion of heal wounds {unknown}
 f - a potion of flight {unknown}
 i - a potion of mutation {unknown}
 l - a potion of attraction {unknown}


   Skills:
 + Level 5.9 Fighting
 - Level 1.7 Dodging
 - Level 2.4 Stealth
 + Level 2.4 Spellcasting
 + Level 4.1 Summonings
 + Level 0.5 Air Magic


You had 4 spell levels left.
You knew the following spells:

 Your Spells              Type           Power      Damage    Failure   Level
a - Summon Small Mammal   Summ           52%        N/A       9%          1
b - Summon Lightning Spi  Summ/Air       8%         N/A       86%         4

Your spell library contained the following spells:

 Spells                   Type           Power      Damage    Failure   Level
 Call Imp                 Summ           13%        N/A       12%         2
 Call Canine Familiar     Summ           13%        N/A       24%         3
 Summon Guardian Golem    Hex/Summ       7%         N/A       50%         3
 Slow                     Hex            1%         N/A       56%         2
 Confusing Touch          Hex            1%         N/A       80%         3
 Vampiric Draining        Necr           0%         2d6       80%         3


Dungeon Overview and Level Annotations

Branches:
Dungeon (4/15)
 Temple: D:4-7

Altars:

Annotations:
D:4 Duvessa


Innate Abilities, Weirdness & Mutations

You cannot be hasted, slowed, berserked, paralysed or teleported.
You can dig through walls and to a lower floor.
You have a pair of large antennae on your head. (SInv)
Your four strong arms can wield two-handed weapons with a shield.


Message History

The white imp barely misses you.
Your rat bites the white imp.
You barely miss the white imp.
The white imp is heavily wounded.
Your bat hits the white imp but does no damage.
Duvessa hits your rat with a +0 rapier!
Your rat dies!
Your rat's corpse disappears in a puff of smoke!
You block the white imp's attack.
The white imp hits you but does no damage.
You closely miss the white imp.
The white imp is heavily wounded.
Your bat hits the white imp.
Duvessa rages.
The white imp gestures at your bat. The puff of frost hits your bat!
Your bat dies!
Your bat's corpse disappears in a puff of smoke!
Casting: Summon Small Mammal (safe; 9% risk of failure)
Confirm with . or Enter, or press ? or * to list all spells.
You miscast Summon Small Mammal.
You are very lightly contaminated with residual magic.
Nothing appears to happen.
Duvessa closely misses you. The white imp barely misses you.
Duvessa hits you with a +0 rapier!!
Casting: Summon Small Mammal (safe; 9% risk of failure)
Confirm with . or Enter, or press ? or * to list all spells.
Duvessa hits you with a +0 rapier.
The white imp hits you but does no damage.
Okay, then.
Duvessa barely misses you.
The white imp disappears for a moment.
Duvessa hits you with a +0 rapier!
Your quokka bites the white imp but does no damage.
You block Duvessa's attack.
Your quokka bites the white imp.
The white imp lashes its tail.
The white imp hits your quokka. The white imp freezes your quokka.
Your quokka dies!
Your quokka's corpse disappears in a puff of smoke!
Duvessa hits you with a +0 rapier!!
You die...

..### ### #....##.#######
#..........#
####..#@.[..#.###
..$.<.#e##..#...########
.####...#...#............#
.........5........######.#
##....ยง....#........##..
#......................
#..............####.... .
###..##.....#### #.... #.
#..##..#.....## #....


You could see Duvessa (berserk) and a white imp (unaware).

Vanquished Creatures
  A scorpion (D:4)
  Dowan (D:4)
  A jelly (D:4)
  Jessica (D:3)
  Terence (D:2)
  A hound zombie (D:3)
  2 adders
  2 orcs
  6 endoplasms
  3 giant cockroaches
  3 goblins
  3 hobgoblins (D:3)
  3 ball pythons (D:3)
  2 bats
  3 frilled lizards
  4 kobolds
  3 rats
40 creatures vanquished.

Vanquished Creatures (collateral kills)
  A giant cockroach (D:1)
  3 goblins (D:1)
  2 kobolds
  A quokka (D:2)
  A frilled lizard (D:1)
8 creatures vanquished.

Grand Total: 48 creatures vanquished

Notes
Turn   | Place    | Note
-------+----------+-------------------------------------------
     0 | D:1      | inmateoo the Formicid Summoner began the quest for the Orb.
     0 | D:1      | Reached XP level 1. HP: 13/13 MP: 3/3
   312 | D:1      | Reached skill level 1 in Fighting
   507 | D:1      | Reached XP level 2. HP: 15/22 MP: 5/5
  1005 | D:1      | Reached skill level 2 in Fighting
  1852 | D:2      | Reached XP level 3. HP: 9/27 MP: 6/6
  2180 | D:2      | Noticed Terence
  2192 | D:2      | Killed Terence
  2193 | D:2      | Reached skill level 3 in Fighting
  2193 | D:2      | Reached XP level 4. HP: 21/36 MP: 7/7
  2751 | D:3      | Noticed Jessica
  2756 | D:3      | Killed Jessica
  2757 | D:3      | Reached skill level 4 in Fighting
  3428 | D:3      | Reached XP level 5. HP: 39/43 MP: 8/8
  3600 | D:4      | Reached skill level 5 in Fighting
  3730 | D:4      | Identified the +1 leather armour of the Moon Troll {rElec
                  | rC++ MP+9 Str+3}
  3758 | D:4      | Reached XP level 6. HP: 50/52 MP: 9/9
  3768 | D:4      | Learned a level 4 spell: Summon Lightning Spire
  3847 | D:4      | Noticed Duvessa
  3850 | D:4      | Noticed Dowan
  3889 | D:4      | Killed Dowan
  3958 | D:4      | Slain by Duvessa

Illustrated notes

Levels and vault maps discovered:
D:1:      elethiomel_arrival_quiet, layout_loops_ring, roderic_lattice_a,
          minmay_unequal
D:2:      layout_basic, uniq_terence
D:3:      layout_basic, uniq_jessica
D:4:      layout_rooms, uniq_natasha, uniq_duvessa

Skill      XL: |  1  2  3  4  5 |
---------------+----------------+-----
Fighting       | 1 2 3 4 5 |  5.9
Dodging        | |  1.7
Stealth        | |  2.4
Spellcasting   | |  2.4
Summonings     | |  4.1
Air Magic      | |  0.5

Action                   |  1- 3 |  4- 6 || total
-------------------------+-------+-------++-------
Melee: Club              |    51 |       ||    51
       Unarmed           |     2 |       ||     2
       Dagger            |    27 |   144 ||   171
 Cast: Summon Small Mamm |    17 |    14 ||    31
  Use: Scroll            |     2 |     1 ||     3
 Stab: Distracted        |     1 |       ||     1
Armor: Robe              |     9 |       ||     9
       Ring mail         |    16 |     3 ||    19
       Scale mail        |       |    57 ||    57
       Leather armour    |       |     9 ||     9
Dodge: Dodged            |    49 |    49 ||    98
Block: Buckler           |     2 |    21 ||    23
